 Dungeon Crawl Stone Soup version 0.21-a0-91-ga5031da (webtiles) character file.

1333 KristoblXynda the Slasher (level 8, 0/91 HPs)
             Began as a Black Draconian Gladiator on June 29, 2017.
             Was a Believer of Okawaru.
             Succumbed to a worker ant's poison
             ... on level 5 of the Dungeon.
             The game lasted 00:09:02 (4770 turns).

KristoblXynda the Slasher (DrGl)                    Turns: 4770, Time: 00:09:02

Health: 0/91       AC: 24    Str: 18    XL:     8   Next: 34%
Magic:  8/8        EV:  2    Int: 15    God:    Okawaru [**....]
Gold:   245        SH:  0    Dex: 13    Spells: 7/7 levels left

rFire    . . .     SeeInvis .   e - +1 dagger of Chance {flame, Fragile rN+ Int+6} (curse)
rCold    . . .     Gourm    .   (no shield)
rNeg     + + +     Faith    .   (armour unavailable)
rPois    +         Spirit   .   (helmet currently unavailable)
rElec    .         Reflect  .   (cloak currently unavailable)
rCorr    .         Harm     .   (gloves currently unavailable)
MR       .....     NoTele   +   (boots currently unavailable)
Stlth    +++.......             (no amulet)
HPRegen  0.25/turn              (no ring)
MPRegen  0.11/turn              (no ring)

@: lethally poisoned (0 -> -1), tree-form (expiring)
A: (breathe lightning), unfitting armour, AC +6
a: Heroism, Renounce Religion


You were on level 5 of the Dungeon.
You worshipped Okawaru.
Okawaru was pleased with you.
You were not hungry.
You were a tree.
You visited 1 branch of the dungeon, and saw 5 of its levels.

You collected 245 gold pieces.

Inventory:

Hand Weapons
 e - the cursed +1 dagger of Chance (weapon) {flame, Fragile rN+ Int+6}
   (You found it on level 5 of the Dungeon)

   It has been specially enchanted to burn those struck by it, causing extra
   injury to most foes and up to half again as much damage against particularly
   susceptible opponents.
   It affects your intelligence (+6).
   It protects you from negative energy.
   It will be destroyed if unequipped.
   It has a curse placed upon it.
 f - a +0 long sword of freezing
 j - the +7 whip of the Nexus {drain, rC++ Int+4}
   (You found it on level 4 of the Dungeon)

   A truly terrible weapon, it drains the life of those it strikes.
   It affects your intelligence (+4).
   It greatly protects you from cold.
Missiles
 c - 3 throwing nets (quivered)
Armour
 b - a +0 hat (melded)
Scrolls
 l - a scroll of magic mapping
Potions
 a - 2 potions of agility
 k - a potion of lignification
Comestibles
 d - 3 bread rations
 h - a royal jelly
 i - 6 fruits
 n - 3 chunks of flesh


   Skills:
 - Level 2.1 Fighting
 * Level 7.7 Long Blades
 - Level 2.0 Throwing
 + Level 5.7 Dodging
 + Level 4.5 Stealth


You had 7 spell levels left.
You didn't know any spells.

Dungeon Overview and Level Annotations

Branches:
Dungeon (5/15)
 Temple: D:4-7

Altars:
Gozag
Makhleb
Nemelex Xobeh
Okawaru
Qazlal
Sif Muna
Uskayaw
The Shining One

Annotations:
D:5 KristoblXynda's ghost, novice DrBe


Innate Abilities, Weirdness & Mutations

((You can breathe wild blasts of lightning.))
((Your glossy black scales are hard. (AC +6)))
You cannot fit into any form of body armour.
((You are resistant to electric shocks. (rElec)))
((You are cold-blooded and may be slowed by cold attacks.))
((You have sharp fingernails.))
((Your flesh is cold resistant. (rC+)))
((Your flesh is heat resistant. (rF+)))


Message History

* * * LOW HITPOINT WARNING * * *
The centaur skeleton hits you but does no damage.
Okay, then.
You hit the centaur skeleton. You burn the centaur skeleton.
The centaur skeleton is almost destroyed.
The centaur skeleton hits you but does no damage.
You hit the centaur skeleton. You burn the centaur skeleton.
You destroy the centaur skeleton!
Okawaru accepts your kill.
* * * LOW HITPOINT WARNING * * *
You feel sick.
You cannot move.
You cannot move.
You cannot move.
Unknown command.
You barely miss KristoblXynda's ghost.
Your transformation is almost over.
KristoblXynda's ghost hits you but does no damage.
You hit KristoblXynda's ghost but do no damage.
You die...

.# #####.# ......
#...##
###################
......
.Z..h..............
..###
#######W#####..####
..<# ♣♣♣ .# ..##
♣♣.♣ # .## ♣.♣ .#
.♣ .# ♣ .# ##


You could see KristoblXynda's ghost.

Vanquished Creatures
  The ghost of Celandrion the Ducker, an amateur OpTm of Wu Jian (D:4)
  Menkaure (D:4)
  A phantom (D:4)
  3 ogres
  A centaur (D:5)
  A howler monkey (D:5)
  A hound (D:3)
  An orc priest (D:4)
  2 centaur skeletons
  3 iguanas (D:4)
  7 worker ants
  3 hound skeletons (D:4)
  8 adders
  3 oozes (D:3)
  An adder skeleton (D:5)
  A worm (D:4)
  2 dart slugs
  6 leopard geckos
  3 orcs (D:4)
  A ball python (D:3)
  3 giant cockroaches
  6 goblins
  6 hobgoblins
  7 jackals
  9 kobolds
  2 quokkas (D:3)
  11 bats
  4 frilled lizards
  10 rats
108 creatures vanquished.

Notes
Turn   | Place    | Note
-------+----------+-------------------------------------------
     0 | D:1      | KristoblXynda the Draconian Gladiator began the quest for the Orb.
     0 | D:1      | Reached XP level 1. HP: 17/17 MP: 1/1
   243 | D:1      | Reached XP level 2. HP: 14/24 MP: 2/2
   509 | D:1      | Reached XP level 3. HP: 28/29 MP: 3/3
   958 | D:2      | Found a sparkling altar of Nemelex Xobeh.
   978 | D:2      | Found a glowing golden altar of the Shining One.
  1440 | D:2      | Found an iron altar of Okawaru.
  1451 | D:2      | Became a worshipper of Warmaster Okawaru
  1554 | D:3      | Reached XP level 4. HP: 36/36 MP: 4/4
  1660 | D:3      | Reached skill level 4 in Long Blades
  1824 | D:3      | Reached skill level 1 in Stealth
  1972 | D:3      | Found a burning altar of Makhleb.
  1983 | D:3      | Reached XP level 5. HP: 22/41 MP: 5/5
  2179 | D:3      | Found an opulent altar of Gozag.
  2647 | D:4      | Reached skill level 5 in Long Blades
  2647 | D:4      | Reached XP level 6. HP: 28/48 MP: 6/6
  2652 | D:4      | Reached * piety under Okawaru
  2660 | D:4      | Gained mutation: You have sharp fingernails. [potion of mutation]
  2660 | D:4      | Gained mutation: Your flesh is heat resistant. (rF+) [potion of mutation]
  2660 | D:4      | Gained mutation: Your flesh is cold resistant. (rC+) [potion of mutation]
  2890 | D:4      | Found a deep blue altar of Sif Muna.
  2956 | D:4      | Noticed Celandrion's ghost (amateur OpTm)
  2971 | D:4      | Killed Celandrion's ghost
  3003 | D:4      | Your scales start taking on a glossy black colour.
  3003 | D:4      | Reached XP level 7. HP: 44/55 MP: 7/7
  3003 | D:4      | Gained mutation: You are resistant to electric shocks. (rElec) [Black Draconian growth]
  3167 | D:4      | Got a bloodstained whip
  3168 | D:4      | Identified the +7 whip of the Nexus {drain, rC++ Int+4} (You found it on level 4 of the Dungeon)
  3188 | D:4      | Reached skill level 6 in Long Blades
  3196 | D:4      | Reached ** piety under Okawaru
  3477 | D:4      | Noticed Menkaure
  3487 | D:4      | Killed Menkaure
  3487 | D:4      | Reached skill level 5 in Dodging
  3942 | D:4      | Reached skill level 7 in Long Blades
  3955 | D:4      | Reached XP level 8. HP: 10/61 MP: 8/8
  4327 | D:5      | Entered Level 5 of the Dungeon
  4434 | D:5      | Found a stormy altar of Qazlal.
  4455 | D:5      | Found a hide-covered altar of Uskayaw.
  4466 | D:5      | Got a scorched dagger
  4467 | D:5      | Identified the cursed +1 dagger of Chance {flame, Fragile rN+ Int+6} (You found it on level 5 of the Dungeon)
  4657 | D:5      | Noticed KristoblXynda's ghost (novice DrBe)
  4761 | D:5      | HP: 4/91 [poisoned by a worker ant]
  4764 | D:5      | HP: 1/91 [centaur skeleton (2)]
  4770 | D:5      | Succumbed to a worker ant's poison

Vault maps used:
D:1:      denvon_arrival_planthouse, minmay_misc_feat_ornament, st_stairs_10
D:2:      old_standard_altar, nicolae_overflow_crystal_walls,
          lemuel_crystal_altar, first_bread
D:3:      grunt_gozag_breadcrumbs, makhleb_blood_cavern_becter
D:4:      lemuel_blue_sif_altar, grunt_ministairs_1, uniq_menkaure
D:5:      kb_forest_paths, eat_drink_and_be_merry_uskayaw, lemuel_crystal_altar,
          kennysheep_minor_cross

Skill      XL: |  1  2  3  4  5  6  7 |
---------------+----------------------+-----
Throwing       | 2 |  2.0
Dodging        | 3 4 5 |  5.7
Long Blades    | 4 5 7 |  7.7
Stealth        | 1 2 4 |  4.5
Fighting       | |  2.1

Action                   |  1- 3 |  4- 6 |  7- 9 || total
-------------------------+-------+-------+-------++-------
Melee: Long sword        |   122 |   110 |    86 ||   318
       Tailslap          |    16 |    23 |    20 ||    59
       Dagger            |       |       |    75 ||    75
Throw: Throwing net      |       |       |     2 ||     2
 Abil: Breathe Lightning |       |       |     2 ||     2
  Use: Scroll            |       |     8 |     3 ||    11
       Potion            |       |     7 |     2 ||     9
 Stab: Sleeping          |     1 |     2 |     2 ||     5
       Invisible         |       |     1 |       ||     1
  Eat: Chunk             |     2 |     5 |     6 ||    13
Armor: Skin              |    60 |    38 |    43 ||   141
Dodge: Dodged            |   158 |   101 |   112 ||   371
       Rpst.: Long sword |    50 |    26 |    24 ||   100
